 Dungeon Crawl Stone Soup version 0.28.0-1-gb440e238dd (webtiles) character file.

Game seed: 8706823120688637534

60 Kikato the Sneak (level 3, -6/18 HPs)
             Began as a Spriggan Brigand on Feb 24, 2022.
             Was a Follower of Jiyva.
             Mangled by an iguana (12 damage)
             ... on level 2 of the Dungeon.
             The game lasted 00:15:55 (2571 turns).

Kikato the Sneak (Spriggan Brigand)                 Turns: 2571, Time: 00:15:56

Health: -6/18      AC:  3    Str:  7    XL:     3   Next: 82%
Magic:  4/4        EV: 17    Int: 12    God:    Jiyva [*.....]
Gold:   67         SH:  0    Dex: 18    Spells: 2/2 levels left

rFire   . . .      SeeInvis +   a - +2 dagger
rCold   . . .      Faith    .   (no shield)
rNeg    . . .      Spirit   .   b - +0 robe
rPois   .          Reflect  .   (helmet restricted)
rElec   .          Harm     .   c - +0 cloak
rCorr   .          Rampage  .   (gloves unavailable)
Will    .....                   (boots unavailable)
Stlth   +++.......              (no amulet)
HPRegen 0.86/turn               (no ring)
MPRegen 0.34/turn               (no ring)

@: very quick
A: very small, no large weapons, unfitting armour, see invisible, speed 3
a: Renounce Religion


You were on level 2 of the Dungeon.
You worshipped Jiyva.
Jiyva was aware of your devotion.
You visited 1 branch of the dungeon, and saw 2 of its levels.

You collected 67 gold pieces.

Inventory:

Hand Weapons
 a - a +2 dagger (weapon)
 i - a +0 dagger of draining
Missiles
 d - 8 poisoned darts (quivered)
 e - 2 curare-tipped darts
 f - 31 stones
 l - 7 arrows
Armour
 b - a +0 robe (worn)
 c - a +0 cloak (worn)
Jewellery
 m - an amulet of magic regeneration
 n - an amulet of regeneration
Scrolls
 g - a scroll of magic mapping
 j - a scroll of fog {unknown}
 o - a scroll of silence {unknown}
Potions
 h - a potion of curing
 k - a potion of cancellation {unknown}


   Skills:
 + Level 2.1 Fighting
 + Level 2.8 Short Blades
 + Level 2.5 Throwing
 + Level 2.4 Dodging
 + Level 6.4 Stealth


You had 2 spell levels left.
You didn't know any spells.
Your spell library contained the following spells:

 Spells                   Type           Power      Damage    Failure   Level
 Dispersal                Tloc           0%         N/A       100%        6
 Disjunction              Tloc           0%         N/A       100%        8


Dungeon Overview and Level Annotations

Branches:
Dungeon (2/15)

Altars:
Jiyva

Shops:
D:1 (


Innate Abilities, Weirdness & Mutations

You are very small and have problems with some larger weapons.
You are too small for most types of armour.
You have supernaturally acute eyesight. (SInv)
You cover ground extremely quickly. (Speed+++)


Message History

You skewer the ball python like a kebab!!!
You kill the ball python!
Found a ring mail.
An iguana comes into view.
You open the door.
The iguana hisses angrily.
The iguana closely misses you. The iguana barely misses you.
You closely miss the iguana. You completely miss the iguana.
The iguana completely misses you.
You hit the iguana.
The iguana is moderately wounded.
The iguana bites you.
You hit the iguana but do no damage.
The iguana is moderately wounded.
The iguana bites you but does no damage.
You hit the iguana.
The iguana is moderately wounded.
The iguana completely misses you.
You hit the iguana but do no damage.
The iguana is moderately wounded.
The iguana barely misses you.
You hit the iguana but do no damage. You punch the iguana, but do no damage.
The iguana is moderately wounded.
The iguana bites you but does no damage.
You hit the iguana but do no damage.
The iguana is moderately wounded.
The iguana bites you!
Ouch! That really hurt!
* * * LOW HITPOINT WARNING * * *
You closely miss the iguana.
The iguana is moderately wounded.
You completely miss the iguana.
The iguana is moderately wounded.
The iguana misses you.
You completely miss the iguana.
The iguana is moderately wounded.
The iguana bites you!
Ouch! That really hurt!
You die...

.###.....# #..####)....
.......#.# #.####..... .#.......#
#.......... .#.###.###
#.#..#..... ##.# # #.#..#.....
#.# #..###.#### #.# #..##..# ##)#
###### #...#.## ...#
#@l..#.#.#.#.####. ...# #
#####.[......#........ ...###
#.#.....########...##### ...'.#
##.#.....'............... ...#.#
#........#########...#### ...#.#
#........##.....##...#
.....####......####.....###..#.##
.....#.........# #.....# #..#.##
.....'.........# #.....###..#.##


You could see an iguana.

Vanquished Creatures
  An adder (D:2)
  A dart slug (D:1)
  4 ball pythons
  An endoplasm (D:1)
  7 giant cockroaches (D:1)
  8 hobgoblins
  A quokka (D:2)
  4 bats
  3 frilled lizards
  3 goblins (D:1)
  8 kobolds
  5 rats
46 creatures vanquished.

Vanquished Creatures (others)
  A fungus (D:1)
  A withered plant (D:2)
2 creatures vanquished.

Grand Total: 48 creatures vanquished

Notes
Turn   | Place    | Note
-------+----------+-------------------------------------------
     0 | D:1      | Kikato the Spriggan Brigand began the quest for the Orb.
     0 | D:1      | Reached XP level 1. HP: 10/10 MP: 2/2
   187 | D:1      | Reached skill level 6 in Stealth
   356 | D:1      | Reached XP level 2. HP: 15/15 MP: 3/3
  1140 | D:1      | Found Maetu's Antique Weapon Boutique.
  1185 | D:1      | Reached XP level 3. HP: 10/18 MP: 4/4
  2385 | D:2      | Found a faded altar of an unknown god.
  2400 | D:2      | Prayed at the altar of an unknown god.
  2400 | D:2      | Became a worshipper of Jiyva Jisuffod the Shapeless
  2400 | D:2      | Reached * piety under Jiyva
  2571 | D:2      | Mangled by an iguana

Illustrated notes

Levels and vault maps discovered:
D:1:      dpeg_arrival_prison, layout_loops_ring, serial_shops, shop,
          item_on_display_a
D:2:      layout_basic, ebering_ecumenical_altar_petrified, minmay_crystal_room,
          kennysheep_doodads, hangedman_decor_peaks_small

Skill      XL: |  1  2  3 |
---------------+----------+-----
Stealth        | 6 |  6.4
Dodging        | 2 |  2.4
Fighting       | 2 |  2.1
Short Blades   | |  2.8
Throwing       | |  2.5

Action                   || total
-------------------------++-------
Melee: Dagger            ||   141
       Punch             ||     3
  Use: Scroll            ||     2
       Potion            ||     2
 Stab: Sleeping          ||    15
Armor: Robe              ||    18
Dodge: Dodged            ||    70
